[Event "Team 45 45 League T26"]
[Site "Internet Chess Club"]
[Date "2005.03.18"]
[Round "1"]
[White "allanchs"]
[Black "chinta"]
[Result "1-0"]
[WhiteElo "1632"]
[BlackElo "1576"]
[TimeControl "2700+45"]

1. e4 e6 2. d4 c6 3. Nf3 d5 4. Nc3 Bb4 5. e5 h6 6. a3 Ba5 7. Be2 Ne7 8. O-O b6
9. b4 Nf5 10. bxa5 bxa5 11. Na4 Nd7 12. c4 Nb6 13. cxd5 Nxd5 14. Rb1 O-O 15. Nc5
f6 16. Bc4 Qe8 17. exf6 Rxf6 18. Ne5 Nh4 19. Qg4 Ng6 20. Bd3 Ndf4 21. Bxg6 Nxg6
22. Rb3 Nxe5 23. dxe5 Rg6 24. Qf3 Bd7 25. Rd1 Rd8 26. Rb7 Bc8 27. Rxa7 Rxd1+ 28.
Qxd1 Qf8 29. Be3 Qf5 30. Qd8+ Kh7 31. Qd3 Qg4 32. g3 h5 33. Ra8 h4 34. Rxc8 h3
35. Bf4 {Black resigns} 1-0

[Event "Team 45 45 League T26"]
[Site "Internet Chess Club"]
[Date "2005.03.16"]
[Round "1"]
[White "Triple-Xeon"]
[Black "billarvola"]
[Result "0-1"]
[WhiteElo "1779"]
[BlackElo "1960"]
[TimeControl "2700+45"]

1. e4 e5 2. Nf3 Nc6 3. Bb5 a6 4. Ba4 Nf6 5. O-O Be7 6. Re1 b5 7. Bb3 d6 8. c3
O-O 9. h3 Nb8 10. d4 Nbd7 11. Nbd2 Bb7 12. Bc2 Re8 13. a4 Bf8 14. Nf1 exd4 15.
cxd4 Bxe4 16. Bg5 Bxc2 17. Qxc2 Rxe1 18. Rxe1 c5 19. dxc5 dxc5 20. axb5 axb5 21.
Qd3 c4 22. Qf5 Qb6 23. Ng3 Bc5 24. Be3 Bxe3 25. Rxe3 h6 26. Ne4 Nxe4 27. Qxe4
Ra1+ 28. Kh2 Qd6+ 29. g3 Nf6 30. Qb7 Qd7 31. Re7 Qxb7 32. Rxb7 Rb1 33. Rxb5 c3
34. b4 c2 {White resigns} 0-1

[Event "Team 45 45 League T26"]
[Site "Internet Chess Club"]
[Date "2005.03.20"]
[Round "1"]
[White "nminwalla"]
[Black "sculley"]
[Result "1-0"]
[WhiteElo "1848"]
[BlackElo "1798"]
[TimeControl "2700+45"]

1. e4 e6 2. d4 d5 3. Nd2 c5 4. Ngf3 Nc6 5. exd5 exd5 6. Bb5 a6 7. Bxc6+ bxc6 8.
O-O Nf6 9. Re1+ Be7 10. dxc5 O-O 11. Nb3 Ne4 12. Be3 a5 13. a4 Bg4 14. h3 Bh5
15. Nbd4 Qc8 16. g4 Bg6 17. Ne5 Bxc5 18. Ndxc6 Qe6 19. Bxc5 Nxc5 20. Nxg6 Qxc6
21. Ne7+ {Black resigns} 1-0

[Event "Team 45 45 League T26"]
[Site "Internet Chess Club"]
[Date "2005.03.21"]
[Round "1"]
[White "Thorin"]
[Black "vvsi"]
[Result "0-1"]
[WhiteElo "1815"]
[BlackElo "1642"]
[TimeControl "2700+45"]

1. e4 e5 2. Nf3 Nf6 3. d4 Nxe4 4. Bd3 Nc6 5. d5 Nc5 6. dxc6 e4 7. cxd7+ Bxd7 8.
Bxe4 Nxe4 9. O-O Bc5 10. Qe2 Qe7 11. Be3 Bxe3 12. Qxe3 Nd6 13. Qc3 O-O-O 14.
Qxg7 Rdg8 15. Qh6 Rg6 16. Qh4 Qe2 17. Nbd2 Bc6 18. Rfe1 Qb5 19. Qd4 Rhg8 20. g3
Nf5 21. Qxa7 b6 22. Ne5 Rxg3+ 23. hxg3 Rxg3+ 24. fxg3 Qc5+ {White resigns} 0-1

[Event "Team 45 45 League T26"]
[Site "Internet Chess Club"]
[Date "2005.03.20"]
[Round "1"]
[White "pork"]
[Black "qs16"]
[Result "0-1"]
[WhiteElo "1537"]
[BlackElo "1843"]
[TimeControl "2700+45"]

1. e4 c5 2. Nf3 d6 3. Bb5+ Bd7 4. Bxd7+ Qxd7 5. b3 Nf6 6. Nc3 Nc6 7. O-O e5 8.
d3 Be7 9. Nd2 a6 10. Nc4 Qd8 11. a4 Nd4 12. Bb2 O-O 13. Ne3 g6 14. Ncd5 Nxd5 15.
Nxd5 Bg5 16. Bxd4 cxd4 17. g3 Rc8 18. f4 exf4 19. gxf4 Bh6 20. Kh1 Bg7 21. Rf2
Qh4 22. Qf3 f5 23. Qg3 Qd8 24. Re1 Kh8 25. exf5 Qa5 26. Rfe2 Qxd5+ 27. Kg1 Qxf5
{White resigns} 0-1

[Event "Team 45 45 League T26"]
[Site "Internet Chess Club"]
[Date "2005.03.21"]
[Round "1"]
[White "trikmamak"]
[Black "Gregorio"]
[Result "1-0"]
[WhiteElo "2261"]
[BlackElo "2072"]
[TimeControl "2700+45"]

1. g3 g6 2. Bg2 Nf6 3. e4 d6 4. d4 Bg7 5. Ne2 Na6 6. O-O O-O 7. h3 c5 8. c3 Rb8
9. Be3 b6 10. Qa4 Nd7 11. Na3 Nc7 12. f4 Ba6 13. c4 cxd4 14. Nxd4 Nc5 15. Qc2
Bb7 16. Rad1 Qc8 17. Kh2 N7a6 18. Nab5 Nb4 19. Qb1 a6 20. Na7 Qc7 21. a3 Nc6 22.
Naxc6 Bxc6 23. Nxc6 Qxc6 24. e5 Qc7 25. exd6 exd6 26. Bd5 Rfe8 27. Rde1 Re7 28.
f5 gxf5 29. Qxf5 Qd7 30. Qh5 Ne6 31. Be4 Nf8 32. Bg5 Re5 33. Bd5 Ne6 34. Rxe5
Bxe5 35. Qg4 Kh8 36. h4 Bxb2 37. Rf6 Rg8 38. Qf5 Qe8 39. Be4 Nxg5 40. hxg5 Rg7
41. Rxd6 Bxa3 42. Rc6 Be7 43. Rc8 Bd8 44. Qf6 Bxf6 45. Rxe8+ Rg8 46. Rxg8+ Kxg8
47. gxf6 h6 48. Kg2 Kf8 {Black resigns} 1-0

[Event "Team 45 45 League T26"]
[Site "Internet Chess Club"]
[Date "2005.03.19"]
[Round "1"]
[White "A-Ru"]
[Black "matman"]
[Result "1/2-1/2"]
[WhiteElo "1938"]
[BlackElo "2006"]
[TimeControl "2700+45"]

1. d4 Nf6 2. Nf3 d5 3. e3 e6 4. Bd3 c5 5. b3 Be7 6. Bb2 O-O 7. O-O Nbd7 8. Nbd2
b6 9. Ne5 Bb7 10. Qf3 Qc7 11. Qh3 h6 12. f4 Ne4 13. Ndf3 Bf6 14. g4 Bxe5 15.
Nxe5 Nxe5 16. fxe5 Ng5 17. Qg3 c4 18. Be2 Ne4 19. Qg2 b5 20. Ba3 Rfe8 21. Bf3
Qa5 22. Bxe4 Qxa3 23. Bf3 g6 24. Qf2 Qe7 25. a3 a5 26. Be2 cxb3 27. Bxb5 Rec8
28. cxb3 Rc3 29. Rfc1 Rac8 30. Qd2 Qc7 31. Rxc3 Qxc3 32. Qxc3 Rxc3 33. a4 Bc6
34. Bxc6 Rxc6 35. Rb1 Rc2 36. b4 axb4 37. Rxb4 Ra2 38. Rb8+ Kg7 39. Ra8 Re2 40.
a5 Rxe3 41. a6 Ra3 42. a7 Ra2 43. Kf1 Kh7 44. Ke1 Kg7 45. Kd1 Kh7 46. Kc1 Kg7
47. Kb1 Ra6 48. Kb2 Rb6+ 49. Kc3 Rc6+ 50. Kb4 Ra6 51. Kb5 Ra1 {Game drawn by
mutual agreement} 1/2-1/2

[Event "Team 45 45 League T26"]
[Site "Internet Chess Club"]
[Date "2005.03.18"]
[Round "1"]
[White "LadyLuck"]
[Black "zeke16"]
[Result "1/2-1/2"]
[WhiteElo "1814"]
[BlackElo "1951"]
[TimeControl "2700+45"]

1. d4 d5 2. Nf3 Nf6 3. e3 Bg4 4. c4 e6 5. Qb3 b6 6. c5 Bxf3 7. gxf3 bxc5 8. Qb5+
Nbd7 9. dxc5 Rb8 10. Qa6 Bxc5 11. a3 Qc8 12. b4 Qxa6 13. Bxa6 Bd6 14. Nc3 Rb6
15. Bd3 Ne5 16. Be2 c6 17. f4 Ned7 18. f3 Nh5 19. Bd2 f5 20. Bd3 Nhf6 21. Ne2 c5
22. Kf2 cxb4 23. axb4 Bxb4 24. Bxb4 Rxb4 25. Rxa7 Ke7 26. Rc1 Rhb8 27. Nd4 Rb2+
28. Kg3 R8b7 29. Nc6+ Kd6 30. Ra6 R7b6 31. Nd4 Rxa6 32. Bxa6 Rb6 33. Bd3 Nc5 34.
Nb5+ Kc6 35. Nd4+ {Game drawn by mutual agreement} 1/2-1/2

[Event "Team 45 45 League T26"]
[Site "Internet Chess Club"]
[Date "2005.03.17"]
[Round "1"]
[White "jongalt97"]
[Black "orkid"]
[Result "0-1"]
[WhiteElo "1771"]
[BlackElo "1720"]
[TimeControl "2700+45"]

1. c4 c5 2. g3 g6 3. Bg2 Bg7 4. e3 Nc6 5. Ne2 e6 6. Nbc3 Nge7 7. d4 cxd4 8. exd4
d5 9. c5 O-O 10. O-O Nf5 11. Be3 Nxe3 12. fxe3 a6 13. Na4 Rb8 14. Nb6 Qg5 15.
Qc1 Bh6 16. Nf4 Qd8 17. Qc3 Re8 18. Rae1 Bg7 19. Bh3 e5 20. Bxc8 exf4 21. gxf4
Rxc8 22. Nxc8 Qxc8 23. Qd2 Qg4+ 24. Kh1 Ne7 25. e4 Rd8 26. e5 Nf5 27. b4 Nh4 28.
Qf2 Nf5 29. a4 Qh4 30. Qxh4 Nxh4 31. b5 Nf5 32. bxa6 bxa6 33. Rb1 Nxd4 34. Rb6
Bf8 35. c6 Rc8 36. Rc1 a5 37. Kg2 Kg7 38. Kf2 Ne6 39. Kf3 Bb4 40. Rb5 Nd4+
{White resigns} 0-1

[Event "Team 45 45 League T26"]
[Site "Internet Chess Club"]
[Date "2005.03.20"]
[Round "1"]
[White "Ruger"]
[Black "elnik"]
[Result "0-1"]
[WhiteElo "2179"]
[BlackElo "1937"]
[TimeControl "2700+45"]

1. d4 Nf6 2. Nf3 g6 3. Bf4 Bg7 4. e3 d6 5. h3 O-O 6. Be2 c5 7. O-O cxd4 8. exd4
b6 9. Re1 Ba6 10. c4 Nc6 11. Nbd2 Nh5 12. Be3 f5 13. Nb3 e5 14. d5 Ne7 15. Ng5
Bc8 16. Bxh5 gxh5 17. Qxh5 h6 18. Nf3 f4 19. Bd2 Rf5 20. Qh4 Qe8 21. g4 Ng6 22.
gxf5 Nxh4 23. Nxh4 Qh5 24. Ng6 Bxf5 25. Ne7+ Kh7 26. Nxf5 Qxf5 27. Kh2 Rg8 28.
Bc3 Bf6 29. Nd2 Rg5 30. Nf3 Rh5 31. Ng1 f3 32. Re3 Qf4+ 33. Kh1 Qxc4 34. Rxf3
Qxd5 35. Kh2 Bg5 36. Re1 Bf4+ 37. Rxf4 exf4 38. Re7+ Kg8 39. a3 Rg5 40. f3 Qd1
41. Re1 Qc2+ 42. Re2 Qg6 43. Bd4 Rd5 44. Bc3 Rg5 45. Bd4 Qd3 46. Re4 Qf1 47. Re2
Rxg1 48. Re8+ Kf7 49. Bxg1 {White resigns} 0-1

[Event "Team 45 45 League T26"]
[Site "Internet Chess Club"]
[Date "2005.03.17"]
[Round "1"]
[White "azbycx"]
[Black "asonjay2k"]
[Result "0-1"]
[WhiteElo "1884"]
[BlackElo "2126"]
[TimeControl "2700+45"]

1. d4 d5 2. c4 c6 3. Nf3 Nf6 4. e3 a6 5. Nc3 b5 6. c5 Bf5 7. Bd3 Bxd3 8. Qxd3 e6
9. Bd2 Nbd7 10. O-O Qc7 11. b4 Be7 12. Rfe1 O-O 13. e4 dxe4 14. Nxe4 h6 15. Nc3
Rfe8 16. Ne5 Rad8 17. Qc2 Nf8 18. Be3 Nd5 19. a3 Nxe3 20. fxe3 Bf6 21. Ng4 Nh7
22. Nxf6+ Nxf6 23. Ne4 Nxe4 24. Qxe4 e5 25. Qh4 a5 26. Rad1 axb4 27. axb4 Qe7
28. Qxe7 Rxe7 29. dxe5 Rxd1 30. Rxd1 Rxe5 31. Rd6 Rxe3 32. Rxc6 Re4 33. Rb6 Rxb4
34. c6 Rc4 35. Rxb5 Rxc6 36. Kf2 g5 37. Kf3 Kg7 38. h3 Rc3+ 39. Kf2 Kg6 40. Rb6+
f6 41. Rb8 h5 42. g3 Rc2+ 43. Kg1 g4 44. h4 Rc3 45. Kg2 Kf5 46. Rh8 Rc2+ 47. Kg1
Ke4 48. Ra8 Rd2 49. Kf1 f5 50. Ra4+ Rd4 51. Ra5 Rd3 52. Kf2 f4 53. gxf4 Kxf4 54.
Ra4+ Ke5 55. Ra5+ Ke4 56. Rxh5 g3+ 57. Kg2 Kf4 58. Rg5 Rd2+ 59. Kg1 Kf3 60. Rf5+
Kg4 61. Rg5+ Kh3 62. Kf1 g2+ 63. Kg1 Rd1+ 64. Kf2 Rf1+ {White resigns} 0-1

[Event "Team 45 45 League T26"]
[Site "Internet Chess Club"]
[Date "2005.03.19"]
[Round "1"]
[White "Erik21"]
[Black "alexcolins"]
[Result "1-0"]
[WhiteElo "1791"]
[BlackElo "1711"]
[TimeControl "2700+45"]

1. e4 c5 2. Nc3 Nc6 3. Nf3 g6 4. d4 cxd4 5. Nxd4 Bg7 6. Be3 Nf6 7. f3 O-O 8. Bc4
Qb6 9. Qd2 Nxe4 10. Nxc6 Nxd2 11. Nxe7+ Kh8 12. Bxb6 Nxc4 13. Bc5 Bxc3+ 14. bxc3
d6 15. Bd4+ Ne5 16. f4 Re8 17. Nd5 Rb8 18. fxe5 b6 19. O-O-O dxe5 20. Rhe1 Bg4
21. Bxe5+ Rxe5 22. Rxe5 Bxd1 23. Kxd1 Rd8 24. Ke2 Kg7 25. Nb4 Kf6 26. Re3 Rd6
27. a4 a5 28. Nd3 g5 29. c4 h5 30. c3 Kf5 31. c5 bxc5 32. Re5+ Kg4 33. Rxc5 Re6+
34. Re5 Rc6 35. Kd2 Ra6 36. c4 f6 37. Rd5 h4 38. c5 Rc6 39. Rd6 Rc8 40. Rxf6 h3
41. Ne5+ Kh5 42. g4+ {Black resigns} 1-0

[Event "Team 45 45 League T26"]
[Site "Internet Chess Club"]
[Date "2005.03.19"]
[Round "1"]
[White "deathmage"]
[Black "viking99"]
[Result "0-1"]
[WhiteElo "1672"]
[BlackElo "1812"]
[TimeControl "2700+45"]

1. e4 e6 2. d4 d5 3. Nc3 Bb4 4. e5 c5 5. a3 Bxc3+ 6. bxc3 Ne7 7. Qg4 g6 8. Bh6
Qa5 9. Ne2 Nbc6 10. Bd2 Qa4 11. Ra2 Nxe5 12. Qg5 Nc4 13. Qf6 Rg8 14. Bg5 Nc6 15.
dxc5 N4e5 16. Nd4 Ng4 17. Bb5 Qxb5 18. Nxb5 Nxf6 19. Nc7+ Kd7 20. Nxa8 Ne4 21.
Bd2 Nxc5 22. f3 b6 23. Nxb6+ axb6 24. O-O Na4 25. Rb1 Ba6 26. Raa1 Rb8 27. Kf2
e5 28. Ke3 f5 29. Be1 f4+ 30. Kd2 g5 31. Bf2 e4 32. fxe4 dxe4 33. Bd4 Nxd4 34.
cxd4 e3+ 35. Ke1 Bc4 36. Rb4 b5 37. Rab1 Rc8 38. Rc1 Kd6 39. c3 Kd5 40. Rc2 g4
41. Rxc4 Rxc4 42. Ke2 Nxc3+ 43. Kd3 Na4 {White resigns} 0-1

[Event "Team 45 45 League T26"]
[Site "Internet Chess Club"]
[Date "2005.03.18"]
[Round "1"]
[White "Vombat"]
[Black "Murdock"]
[Result "1/2-1/2"]
[WhiteElo "2188"]
[BlackElo "1973"]
[TimeControl "2700+45"]

1. d4 d5 2. c4 dxc4 3. Nc3 Nf6 4. e3 e6 5. Bxc4 a6 6. Nf3 b5 7. Bd3 Bb7 8. O-O
c5 9. a3 Nc6 10. Re1 Be7 11. Bc2 O-O 12. dxc5 Bxc5 13. b4 Bb6 14. Bb2 Rc8 15.
Ne4 Nxe4 16. Bxe4 Qe7 17. Rc1 Rfd8 18. Qb3 f6 19. Re2 Rd7 20. Rec2 Rdc7 21. Bf5
Nd8 22. Bd3 Rxc2 23. Bxc2 g6 24. Qd3 e5 25. Bb3+ Kg7 26. Rd1 Nf7 27. Qd7 Rc7 28.
Qd2 Be4 29. Ne1 Bf5 30. h3 Rd7 31. Qe2 Nd6 32. g4 Be6 33. Bxe6 Qxe6 34. g5 Qxh3
35. gxf6+ Kxf6 36. Qf3+ Qxf3 37. Nxf3 Ke6 38. Ng5+ Ke7 39. Nxh7 Nc4 40. Rxd7+
Kxd7 41. Bc1 Ke6 42. Ng5+ Kf5 43. Nf3 Ke4 44. Ne1 g5 45. Kg2 Kf5 46. Kg3 e4 47.
Nc2 Bc7+ 48. Kh3 g4+ 49. Kh4 Bd8+ 50. Kg3 Ne5 51. Nd4+ Kf6 52. Bb2 Nd3 53. Nc6+
Nxb2 54. Nxd8 Kf5 55. Nc6 Nc4 56. Kh4 Nxa3 57. Nb8 Nc4 58. Nxa6 Ne5 59. Kg3 Nd3
60. Nc7 Nxb4 61. Nxb5 Nd3 62. Nd6+ Ke5 63. Nf7+ Kf5 64. Nh6+ Kg5 65. Nxg4 Nc5
66. Ne5 Kf5 67. Nc6 Kg5 68. Nd4 Nd3 69. Ne2 Nc5 70. Nc3 Kf5 71. Kh3 Nd3 72. Kg3
Nc5 73. Kh4 {Game drawn by mutual agreement} 1/2-1/2

[Event "Team 45 45 League T26"]
[Site "Internet Chess Club"]
[Date "2005.03.17"]
[Round "1"]
[White "steve"]
[Black "CogitoErgoSum"]
[Result "1-0"]
[WhiteElo "1881"]
[BlackElo "1799"]
[TimeControl "2700+45"]

1. e4 c5 2. Nf3 d6 3. d4 cxd4 4. Nxd4 a6 5. Nc3 Nf6 6. Bg5 e6 7. f4 Nc6 8. Be2
Be7 9. Qd3 Na5 10. Bf3 Qc7 11. O-O-O O-O 12. g4 Rb8 13. h4 Bd7 14. Bxf6 Bxf6 15.
g5 Be7 16. f5 Rfc8 17. fxe6 fxe6 18. Bg4 Nc4 19. Bxe6+ Bxe6 20. Nxe6 Qb6 21. Na4
Qa5 22. Qc3 Qe5 23. Qxe5 dxe5 24. Rd7 Bf8 25. Rf1 Re8 26. Nc7 Red8 27. Rff7 Nd6
28. Rxf8+ Kxf8 29. Rxd8+ Rxd8 30. Ne6+ Ke7 31. Nxd8 Kxd8 32. Nc3 Nc4 33. Nd5 Nd6
34. Nc3 Nc4 35. b3 Ne3 36. Ne2 Ng2 37. h5 Ne1 38. Ng3 g6 39. Nf5 gxh5 40. Nh4
{Black resigns} 1-0

[Event "Team 45 45 League T26"]
[Site "Internet Chess Club"]
[Date "2005.03.19"]
[Round "1"]
[White "SnoopDoggyDogg"]
[Black "forquesato"]
[Result "1-0"]
[WhiteElo "1781"]
[BlackElo "1749"]
[TimeControl "2700+45"]

1. e4 c5 2. Nf3 d6 3. Bb5+ Bd7 4. Bxd7+ Nxd7 5. O-O Ngf6 6. Qe2 e6 7. c3 Qc7 8.
d4 cxd4 9. cxd4 e5 10. b3 Be7 11. Nbd2 O-O 12. Bb2 Rfe8 13. Rac1 Qb8 14. Nc4 d5
15. dxe5 Nxe4 16. Ne3 Nb6 17. Rfd1 Bg5 18. Nxg5 Nxg5 19. Nxd5 Nxd5 20. Rxd5 Rd8
21. Rcd1 Rxd5 22. Rxd5 Qc7 23. f4 Ne6 24. f5 Nf4 25. Qc4 Qxc4 26. bxc4 Nxd5 27.
cxd5 Rd8 28. d6 Kf8 29. Ba3 Ke8 30. e6 fxe6 31. fxe6 Rb8 32. Bc1 h6 33. Bb2 Rd8
34. Ba3 Rb8 35. Kf2 b5 36. Bb4 a5 37. d7+ Kd8 38. Bxa5+ Ke7 39. Ke3 Ra8 40.
d8=Q+ Rxd8 41. Bxd8+ Kxd8 42. Kd4 Ke7 43. Kd5 h5 44. h4 b4 45. g3 Ke8 46. Kd6
Kd8 47. e7+ Ke8 48. Ke6 g6 49. Kf6 {Black resigns} 1-0